AoeStats
← Barriga de Bosta

Arena

509759417Analyzed
2v2 RM · 3d ago on Sep 27, 2026· 61m 2s· 4 players
Game mode
Random Map
Map size
Medium (4 player)
Population
200
Speed
Normal
Resources
Standard
Victory
Conquest
Starting age
Dark Age
Ending age
Imperial Age
RankedLock teamsTeams togetherTeam positionsShared explorationLock speedFull tech treeHidden civsTurbo modeCheats
Victory
Defeat
🇧🇷 Britons · Brazil
563
+16
449
+16
🇺🇸 Slavs · United States
466
-14
🇺🇸 Vikings · United States
460
-14
WizardChicken
3:08 Loom
11:07 Feudal Age
12:03 Double-Bit Axe
12:33 Horse Collar
14:23 Gold Mining
14:25 Stone Mining
22:36 Castle Age
23:00 Wheelbarrow
24:37 Bow Saw
24:30 Heavy Plow
25:09 Bloodlines
24:21 Light Cavalry
25:30 Pikeman
28:12 Scale Barding Armor
28:10 Scale Mail Armor
28:02 Fletching
28:13 Padded Archer Armor
28:25 Forging
31:25 Elite Skirmisher
33:44 Hand Cart
33:19 Town Watch
36:32 Detinets
38:59 Ballistics
41:26 Gold Shaft Mining
47:21 Imperial Age
45:38 Crossbowman
48:15 Town Patrol
48:37 Heavy Scorpion
49:54 Hussar
50:38 Husbandry
51:49 Two-Man Saw
51:20 Crop Rotation
55:53 Chain Barding Armor
57:13 Plate Barding Armor
57:14 Elite Boyar
kuninski1
10:21 Feudal Age
8:37 Loom
10:52 Double-Bit Axe
10:51 Horse Collar
18:35 Castle Age
20:46 Bow Saw
24:26 Scale Barding Armor
31:17 Ballistics
31:21 Chieftains
32:46 Elite Skirmisher
34:38 Padded Archer Armor
34:29 Fletching
38:10 Imperial Age
40:27 Chemistry
42:57 Leather Archer Armor
42:37 Bodkin Arrow
43:40 Elite Berserk
47:18 Cavalier
55:29 Hoardings
Barriga de Bosta
0:29 Loom
11:51 Feudal Age
12:19 Horse Collar
12:26 Double-Bit Axe
19:50 Castle Age
18:16 Stone Mining
18:17 Gold Mining
19:20 Fletching
20:27 Pikeman
21:11 Heavy Plow
21:55 Fervor
22:44 Gold Shaft Mining
22:24 Bow Saw
24:24 Wheelbarrow
31:18 Imperial Age
29:51 Hand Cart
29:24 Town Watch
30:40 Padded Archer Armor
30:36 Bodkin Arrow
31:10 Murder Holes
31:36 Ballistics
31:43 Halberdier
33:01 Bracer
33:17 Leather Archer Armor
33:03 Scale Mail Armor
33:29 Yeomen
33:28 Cavalier
36:03 Conscription
36:21 Warwolf
37:11 Ring Archer Armor
36:52 Forging
36:58 Chain Mail Armor
38:16 Scale Barding Armor
39:17 Chemistry
38:24 Siege Engineers
44:29 Sanctity
43:40 Elite Longbowman
45:01 Iron Casting
44:56 Plate Mail Armor
44:48 Chain Barding Armor
50:06 Squires
51:08 Blast Furnace
50:44 Plate Barding Armor
52:21 Hoardings
52:01 Caravan
professorDoprofessorlucasv
11:45 Feudal Age
11:54 Feudal Age
13:33 Double-Bit Axe
17:45 Castle Age
28:56 Wheelbarrow
30:11 Bow Saw
31:57 Scale Barding Armor
31:54 Padded Archer Armor
31:44 Fletching
31:58 Scale Mail Armor
32:09 Forging
32:41 Ballistics
32:14 Guard Tower
32:36 Masonry
32:36 Stronghold
38:13 Imperial Age
36:06 Hand Cart
35:37 Loom
35:38 Town Watch
38:29 Heavy Scorpion
39:45 Elite Woad Raider
46:30 Gold Mining
46:30 Stone Mining
52:41 Cavalier
53:22 Husbandry
58:27 Light Cavalry
Connection lost

Rejoining the realm…

Still unreachable

The connection could not be restored.

Session expired

The server has moved on; the page needs a fresh start.